 Dungeon Crawl Stone Soup version 0.25.0-9-g26727b657a (webtiles) character file.

Game seed: 11883358218303887815

48 funshine the Shield-Bearer (level 3, -3/33 HPs)
             Began as a Minotaur Fighter on June 19, 2020.
             Killed by nerve-wracking pain
             ... invoked by Jessica
              (9 damage)
             ... on level 2 of the Dungeon.
             The game lasted 00:08:17 (1503 turns).

funshine the Shield-Bearer (Minotaur Fighter)       Turns: 1503, Time: 00:08:18

Health: -3/33      AC: 11    Str: 21    XL:     3   Next: 50%
Magic:  2/2        EV:  4    Int: 11    God:
Gold:   51         SH: 14    Dex:  9    Spells: 2/2 levels left

rFire    . . .     SeeInvis .   a - +1 flail
rCold    . . .     Gourm    .   c - +0 kite shield
rNeg     . . .     Faith    .   m - +0 plate armour
rPois    .         Spirit   .   (helmet restricted)
rElec    .         Reflect  +   (no cloak)
rCorr    .         Harm     .   (no gloves)
MR       .....                  (no boots)
Stlth    ..........             g - amulet of reflection
HPRegen  0.11/turn              j - +6 ring of intelligence
MPRegen  0.08/turn              (no ring)

@: no status effects
A: retaliatory headbutt, horns 2
a: no special abilities


You were on level 2 of the Dungeon.
You were not hungry.

You visited 1 branch of the dungeon, and saw 2 of its levels.

You collected 51 gold pieces.

Inventory:

Hand Weapons
 a - a +1 flail (weapon)
 e - a +0 dagger of holy wrath
 l - a +1 dagger of venom
Armour
 b - a +0 scale mail
 c - a +0 kite shield (worn)
 h - a +0 kite shield
 i - a +1 hat
 m - a +0 plate armour (worn)
Jewellery
 g - an amulet of reflection (around neck)
 j - a +6 ring of intelligence (left hand)
Scrolls
 d - a scroll of enchant weapon
Comestibles
 f - a ration


   Skills:
 + Level 4.1 Fighting
 + Level 3.1 Maces & Flails
 + Level 4.2 Armour
 + Level 4.2 Shields


You had 2 spell levels left.
You didn't know any spells.
Your spell library was empty.

Dungeon Overview and Level Annotations

Branches:
Dungeon (2/15)

Altars:
Okawaru

Annotations:
D:2 Jessica, Robin


Innate Abilities, Weirdness & Mutations

You reflexively headbutt those who attack you in melee.
You have a pair of horns on your head.


Message History

You continue taking off your +0 scale mail. x4
You feel sick.
You are no longer poisoned.
You finish taking off your +0 scale mail.
You start putting on your armour.
You continue putting on your +0 plate armour. x5
You finish putting on your +0 plate armour.
Jessica the Apprentice Sorceress comes into view.
She is wielding a +0 club.
Jessica shouts!
Jessica casts a spell at you. Pain shoots through your body!
* * * LOW HITPOINT WARNING * * *
Unknown command.
Jessica shouts, "You are a ghastly nuisance!"
Jessica says, "I'm really upset."
Jessica gestures wildly while chanting.
Jessica blinks!
Jessica gestures at you while chanting. Pain shoots through your body!
You die...

#.#.#'## ## #.#....# ..
#.#....# #. #.#..>.. .# #..
#..... .# #.##..##.#.#+# .#
.. #..........#.# .# ..
.......<@....######.# .. ..
.................ยง...##.#
.
....#....................#.
#####...
#..........@...........
........
#......................
........
................########
..........#..............#
.####.#..##..............#
........ .^.............#


You could see Jessica.

Vanquished Creatures
  A worker ant (D:2)
  A worm (D:2)
  A bat (D:1)
  2 giant cockroaches (D:1)
  7 goblins
  A hobgoblin (D:2)
  3 frilled lizards
  4 kobolds
  2 rats (D:2)
22 creatures vanquished.

Notes
Turn   | Place    | Note
-------+----------+-------------------------------------------
     0 | D:1      | funshine the Minotaur Fighter began the quest for the Orb.
     0 | D:1      | Reached XP level 1. HP: 19/19 MP: 0/0
   766 | D:2      | Reached XP level 2. HP: 16/27 MP: 1/1
   919 | D:2      | Found an iron altar of Okawaru.
  1171 | D:2      | Noticed Robin
  1462 | D:2      | Reached XP level 3. HP: 18/33 MP: 2/2
  1492 | D:2      | Noticed Jessica
  1503 | D:2      | Killed from afar by Jessica

Illustrated notes

Levels and vault maps discovered:
D:1:      lemuel_arrival_broad_hall, layout_loops_ring, minmay_worlds_worst_comb
D:2:      layout_basic, okawaru_metal_pillars_1_2, minivault_5,
          grunt_ministairs_4, kennysheep_generic_room_10, uniq_robin,
          uniq_jessica

Skill      XL: |  1  2 |
---------------+-------+-----
Armour         | 4 |  4.2
Shields        | 4 |  4.2
Fighting       | 4 |  4.1
Maces & Flails | 3 |  3.1

Action                   || total
-------------------------++-------
Melee: Flail             ||    56
       Headbutt          ||     6
  Use: Scroll            ||     6
       Potion            ||     3
  Eat: Ration            ||     1
       Chunk             ||     1
Armor: Scale mail        ||    24
Dodge: Dodged            ||    23
Block: Kite shield       ||    54
